 Dungeon Crawl Stone Soup version 0.19.1-28-ge1247f7 (webtiles) character file.

373 Alarkh the Chopper (level 6, -2/48 HPs)
             Began as a Demonspawn Monk on Jan 21, 2017.
             Slain by a wraith (8 damage)
             ... in an ossuary.
             The game lasted 00:04:16 (3929 turns).

Alarkh the Chopper (Demonspawn Monk)                Turns: 3929, Time: 00:04:16

Health: -2/48      AC:  2    Str: 11    XL:     6   Next: 43%
Magic:  6/6        EV: 14    Int: 13    God:
Gold:   262        SH:  0    Dex: 16    Spells: 0 memorised, 5 levels left

rFire  . . .     SeeInvis .     a - +0 hand axe
rCold  . . .     Gourm    .     b - +0 robe
rNeg   . . .     Faith    .     (no shield)
rPois  .         Spirit   .     (no helmet)
rElec  .         Reflect  .     (no cloak)
rCorr  .         Harm     .     (no gloves)
MR     .....                    (no boots)
Stlth  +++.......               (no amulet)
                                (no ring)
                                (no ring)

@: very slightly contaminated, hasted and slowed
A: claws 1, foul stench 1, rot immunity
a: no special abilities


You were in an ossuary.
You were hungry.

You visited 1 branch of the dungeon, and saw 4 of its levels.
You also visited: Ossuary.

You collected 262 gold pieces.

Inventory:

Hand Weapons
 a - a +0 hand axe (weapon)
Armour
 b - a +0 robe (worn)
Scrolls
 d - 4 scrolls of magic mapping {unknown}
 g - 5 scrolls of teleportation {unknown}
 h - 4 scrolls of fear {unknown}
 i - 6 scrolls of amnesia {unknown}
 j - a scroll of enchant armour {unknown}
 k - 5 scrolls of identify {unknown}
 l - a scroll of random uselessness {unknown}
 m - 2 scrolls of immolation {unknown}
 u - a scroll of blinking {unknown}
Potions
 n - a potion of lignification
 p - 2 potions of curing
 t - a potion of might {unknown}
Comestibles
 c - 4 bread rations
 f - 3 beef jerkies
 q - 3 fruits
 r - 2 royal jellies
 s - a meat ration


   Skills:
 + Level 3.8 Fighting
 + Level 4.7 Axes
 + Level 3.6 Dodging
 + Level 3.9 Stealth


You had 5 spell levels left.
You didn't know any spells.

Dungeon Overview and Level Annotations

Branches:
Dungeon (4/15)
 Temple: D:4-7

Altars:
Makhleb


Innate Abilities, Weirdness & Mutations

You have sharp fingernails.
You may emit foul miasma when damaged in melee.
You are immune to rotting.


Message History

You bump into the rock wall.
The wraith barely misses you.
You bump into the rock wall.
The wraith hits you. The wraith drains your vigour!
You feel yourself slow down.
You bump into the rock wall.
You feel less invigorated.
You feel less confused. The wraith completely misses you.
You hit the wraith but do no damage. The wraith barely misses you.
You closely miss the wraith. The wraith hits you!
The wraith drains your vigour!
You feel as though you will be slow longer.
You closely miss the wraith. The wraith barely misses you.
You barely miss the wraith. The wraith hits you! The wraith drains your vigour!
You feel as though you will be slow longer.
You emit a cloud of foul miasma!
You barely miss the wraith. The wraith hits you!
* * * LOW HITPOINT WARNING * * *
You hit the wraith.
The wraith is lightly damaged.
The wraith hits you!
You die...

.....................#
.....#.#.............#
.....#+#..^....####..#
.8...# #...8....'.# .#
.....###.......####..#
.........^...........#
#.#..#.#..#.#........#
#+#..#+#^.#+#..####..#
# #..# #..# #...@W# .#
###..###..# #..####
................
................
#################


You could see a wraith.

Vanquished Creatures
  An ogre (D:3)
  A hound (D:4)
  An orc priest (D:3)
  A centaur skeleton (D:4)
  A worker ant (D:4)
  A hound skeleton (D:3)
  A howler monkey skeleton (D:4)
  4 gnolls (D:3)
  An adder (D:2)
  3 oozes
  A worm (D:3)
  2 dart slugs
  2 leopard geckos
  7 orcs
  5 giant cockroaches
  2 gnoll zombies (Ossuary)
  4 goblins (D:1)
  7 hobgoblins
  15 jackals
  5 kobolds
  10 bats
  4 frilled lizards
  2 goblin zombies (Ossuary)
  A hobgoblin zombie (Ossuary)
  4 kobold zombies (Ossuary)
  5 rats
91 creatures vanquished.

Notes
Turn   | Place    | Note
-------+----------+-------------------------------------------
     0 | D:1      | Alarkh the Demonspawn Monk began the quest for the Orb.
     0 | D:1      | Reached XP level 1. HP: 18/18 MP: 1/1
    48 | D:1      | Gained mutation: You have sharp fingernails. [demonic ancestry]
    48 | D:1      | Reached XP level 2. HP: 6/24 MP: 2/2
   282 | D:1      | Reached skill level 3 in Axes
   681 | D:1      | Reached XP level 3. HP: 26/29 MP: 3/3
  1685 | D:2      | Found a burning altar of Makhleb.
  1720 | D:2      | Gained mutation: You are immune to rotting. [demonic ancestry]
  1720 | D:2      | Reached XP level 4. HP: 10/35 MP: 4/4
  2504 | D:3      | Noticed an ogre
  2520 | D:3      | Killed an ogre
  2520 | D:3      | Reached skill level 4 in Axes
  2520 | D:3      | Reached XP level 5. HP: 12/41 MP: 5/5
  3016 | D:3      | Gained mutation: You may emit foul miasma when damaged in melee. [demonic ancestry]
  3016 | D:3      | Reached XP level 6. HP: 24/47 MP: 6/6
  3587 | D:4      | Found a sand-covered staircase.
  3714 | Ossuary  | Entered an ossuary
  3714 | Ossuary  | Noticed a wraith
  3714 | Ossuary  | Noticed a wraith
  3714 | Ossuary  | Noticed a wraith
  3907 | Ossuary  | Noticed a wraith
  3929 | Ossuary  | Slain by a wraith

Skill      XL: |  1  2  3  4 |
---------------+-------------+-----
Axes           | 3 4 |  4.7
Stealth        | 2 3 |  3.9
Dodging        | 3 |  3.6
Fighting       | |  3.8

Action                   |  1- 3 |  4- 6 || total
-------------------------+-------+-------++-------
Melee: Hand axe          |   162 |   221 ||   383
  Use: Potion            |     1 |     6 ||     7
 Stab: Distracted        |     1 |       ||     1
       Sleeping          |     5 |     4 ||     9
       Invisible         |     3 |    16 ||    19
  Eat: Chunk             |     3 |     7 ||    10
Armor: Robe              |    28 |    17 ||    45
       Skin              |       |    45 ||    45
Dodge: Dodged            |   129 |   178 ||   307
